[Event "Gibraltar Masters 18th"]
[Site "Gibraltar"]
[Date "2020.01.29"]
[Round "9.34"]
[White "Chigaev, Maksim"]
[Black "Chen, Qi B"]
[Result "0-1"]
[ECO "C45"]
[WhiteElo "2616"]
[BlackElo "2432"]
[PlyCount "98"]
[EventDate "2020.01.21"]
[EventType "swiss"]
[EventRounds "10"]
[EventCountry "GGB"]
[SourceTitle "BritBase"]
[Source "John Saunders"]
[SourceDate "2021.06.05"]
[SourceVersion "1"]
[SourceVersionDate "2021.06.05"]
[SourceQuality "1"]
[TimeControl "40/100:0"]
[WhiteClock "0:09:57"]
[BlackClock "0:03:04"]

1. e4 e5 2. Nf3 Nc6 3. d4 exd4 4. Nxd4 Bc5 5. Nxc6 Qf6 6.
Qf3 dxc6 7. Nc3 Be6 8. Be3 Bb4 9. O-O-O Qe7 10. Bd4 Nf6 11.
Be2 Bc5 12. Bxc5 Qxc5 13. Qg3 O-O 14. f4 Bc4 15. e5 Nd5 16.
Ne4 Qb5 17. Bf3 f5 18. Ng5 Nb4 19. b3 Qa5 20. bxc4 Qxa2 21. Bd5+ cxd5 22. Qc3 Qa5 23. Kb2 Qa2+ 24. Kc1 c5 25. cxd5 Nxd5 26. Rxd5 Qxd5 27. Rd1 Qa2 28. Rd7 Rad8 29. Rxb7 h6 30. e6 Rd1+ 31. Kxd1 Qd5+ 32. Qd3 Qxb7 33. Nf7 Qe7 34. Qxf5 Re8 35. Nxh6+ gxh6 36. Qg6+ Kh8 37. Qxh6+ Qh7 38. Qf6+ Qg7 39. Qh4+ Kg8 40. f5 Qxg2 41. Ke1 a5 42. Qf4 Rd8 43. e7 Qg1+ 44. Ke2 Qd1+ 45. Kf2 Rd2+ 46. Kg3 Qg1+ 47. Kh3 Qg2+ 48. Kh4 Qxh2+ 49. Kg5 Qxf4+ 0-1

[Event "Gibraltar Masters 18th"]
[Site "Gibraltar"]
[Date "2020.01.29"]
[Round "9.35"]
[White "Atalik, Ekaterina"]
[Black "Tregubov, Pavel V"]
[Result "1/2-1/2"]
[ECO "D02"]
[WhiteElo "2450"]
[BlackElo "2588"]
[PlyCount "86"]
[EventDate "2020.01.21"]
[EventType "swiss"]
[EventRounds "10"]
[EventCountry "GGB"]
[SourceTitle "BritBase"]
[Source "John Saunders"]
[SourceDate "2021.06.05"]
[SourceVersion "1"]
[SourceVersionDate "2021.06.05"]
[SourceQuality "1"]
[TimeControl "40/100:0"]
[WhiteClock "0:04:21"]
[BlackClock "0:25:03"]

1. d4 Nf6 2. Nf3 d5 3. g3 c5 4. Bg2 cxd4 5. O-O Nc6 6. Nxd4 e5 7. Nxc6 bxc6 8. c4 Be6 9. Nc3 Rc8 10. cxd5 cxd5 11. Qa4+ Qd7 12. Qxd7+ Kxd7 13. Rd1 Bc5 14. Nxd5 Bxd5 15. Bxd5 Nxd5 16. Rxd5+ Ke6 17. Rd1 Rhd8 18. Rxd8 Rxd8 19. Bg5 f6 20. Rc1 Bb6 21. Be3 Bxe3 22. fxe3 Rd2 23. Kf2 Rxb2 24. Rc6+ Kf5 25. Ra6 Rb7 26. Ra4 h5 27. Kf3 g5 28. h3 Rd7 29. g4+ Kg6 30. Ra6 h4 31. a4 Rd1 32. Rxa7 Rg1 33.
Rb7 Rg3+ 34. Kf2 Rxh3 35. Rb1 Rh2+ 36. Kf3 e4+ 37. Kxe4 Rg2 38. Ra1 h3 39. a5 h2 40. Rh1 Rxg4+ 41. Kf3 Ra4 42. Rxh2 Rxa5 43. e4 Ra3+ 1/2-1/2

[Event "Gibraltar Masters 18th"]
[Site "Gibraltar"]
[Date "2020.01.29"]
[Round "9.36"]
[White "Horvath, Dominik"]
[Black "Lalith, Babu M R"]
[Result "1/2-1/2"]
[ECO "E01"]
[WhiteElo "2449"]
[BlackElo "2558"]
[PlyCount "61"]
[EventDate "2020.01.21"]
[EventType "swiss"]
[EventRounds "10"]
[EventCountry "GGB"]
[SourceTitle "BritBase"]
[Source "John Saunders"]
[SourceDate "2021.06.05"]
[SourceVersion "1"]
[SourceVersionDate "2021.06.05"]
[SourceQuality "1"]
[TimeControl "40/100:0"]
[WhiteClock "0:53:45"]
[BlackClock "1:00:46"]

1. d4 Nf6 2. c4 e6 3. g3 c5 4. Nf3 cxd4 5. Nxd4 d5 6. Bg2 e5 7. Nf3 d4 8. O-O Nc6 9. e3 Bc5 10. exd4 exd4 11. Re1+ Be6 12. Ng5 O-O 13. Nxe6 fxe6 14. Nd2 Qd6 15. Ne4 Nxe4 16. Bxe4 e5 17. a3 Qf6 18. Rf1 a5 19. Qd3 h6 20. h4 a4 21. Kg2 Na5 22. Bd2 Nb3 23. Rae1 Nxd2 24. Qxd2 Ra6 25. f4 exf4 26. Rxf4 Qd8 27. Rxf8+ Qxf8 28. Rf1 Rf6 29. Rxf6 Qxf6 30. Bxb7 Bd6 31. Bd5+ 1/2-1/2

[Event "Gibraltar Masters 18th"]
[Site "Gibraltar"]
[Date "2020.01.29"]
[Round "9.37"]
[White "Kobo, Ori"]
[Black "Ali Marandi, Cemil Can"]
[Result "1/2-1/2"]
[ECO "E20"]
[WhiteElo "2445"]
[BlackElo "2546"]
[PlyCount "60"]
[EventDate "2020.01.21"]
[EventType "swiss"]
[EventRounds "10"]
[EventCountry "GGB"]
[SourceTitle "BritBase"]
[Source "John Saunders"]
[SourceDate "2021.06.05"]
[SourceVersion "1"]
[SourceVersionDate "2021.06.05"]
[SourceQuality "1"]
[TimeControl "40/100:0"]
[WhiteClock "0:18:11"]
[BlackClock "0:43:00"]

1. d4 d5 2. c4 e6 3. Nf3 Nf6 4. g3 Bb4+ 5. Nc3 dxc4 6. Bg2 O-O 7. O-O Nc6 8. Qa4 Nd5 9. Qc2 Be7 10. Rd1 Rb8 11. e4 Ncb4 12. Qe2 Nxc3 13. bxc3 Nd3 14. Ne5 Nxc1 15. Raxc1 c5 16. Qxc4 Qc7 17. a4 b6 18. f4 Bb7 19. d5 exd5 20. exd5 Rbd8 21. a5 bxa5 22. Rb1 Bd6 23. Nc6 Rde8 24. Nxa7 Bc8 25. Nxc8 Rxc8 26. Qa4 Rb8 27. Re1 g6 28. Rxb8 Rxb8 29. Re8+ Rxe8 30. Qxe8+ Kg7 1/2-1/2

[Event "Gibraltar Masters 18th"]
[Site "Gibraltar"]
[Date "2020.01.29"]
[Round "9.39"]
[White "Hjartarson, Johann"]
[Black "Sukandar, Irine Kharisma"]
[Result "1/2-1/2"]
[ECO "D35"]
[WhiteElo "2524"]
[BlackElo "2402"]
[PlyCount "85"]
[EventDate "2020.01.21"]
[EventType "swiss"]
[EventRounds "10"]
[EventCountry "GGB"]
[SourceTitle "BritBase"]
[Source "John Saunders"]
[SourceDate "2021.06.05"]
[SourceVersion "1"]
[SourceVersionDate "2021.06.05"]
[SourceQuality "1"]
[TimeControl "40/100:0"]
[WhiteClock "0:31:39"]
[BlackClock "0:37:45"]

1. c4 e6 2. Nc3 d5 3. d4 Nf6 4. cxd5 exd5 5. Bg5 Be7 6. e3 O-O 7. Bd3 h6 8. Bh4 b6 9. Nge2 a5 10. O-O Ba6 11. Rc1 Re8 12. f3 c6 13. a3 Ng4 14. fxg4 Bxh4 15. e4 Bg5 16. Rc2 dxe4 17. Nxe4 Ra7 18. Nxg5 Bxd3 19. Qxd3 Qxg5 20. Ng3 Rae7 21. Nf5 Re1 22. Qf3 Rxf1+ 23. Kxf1 Qf6 24. h3 Kh7 25. Rf2 Nd7 26. Qd3 Kh8 27. Qg3 Qe6 28. Kg1 Nf6 29. Rf1 a4 30. Rc1 Ne4 31. Qc7 c5 32. dxc5 Nxc5 33. Kh1 Rc8 34. Qg3 Re8 35. Kh2 Kh7 36. Qc3 Qe5+ 37. Qxe5 Rxe5 38. Rc2 h5 39. Nd6 hxg4 40. hxg4 Rd5 41. Nc8 Nd7 42. Rc4 Rb5 43. Rxa4 1/2-1/2

[Event "Gibraltar Masters 18th"]
[Site "Gibraltar"]
[Date "2020.01.29"]
[Round "9.40"]
[White "Sardana, Rishi"]
[Black "Kozak, Adam"]
[Result "1/2-1/2"]
[ECO "A35"]
[WhiteElo "2437"]
[BlackElo "2523"]
[PlyCount "133"]
[EventDate "2020.01.21"]
[EventType "swiss"]
[EventRounds "10"]
[EventCountry "GGB"]
[SourceTitle "BritBase"]
[Source "John Saunders"]
[SourceDate "2021.06.05"]
[SourceVersion "1"]
[SourceVersionDate "2021.06.05"]
[SourceQuality "1"]
[TimeControl "40/100:0"]
[WhiteClock "0:53:08"]
[BlackClock "0:43:38"]

1. Nf3 c5 2. c4 Nc6 3. Nc3 e5 4. e3 f5 5. d4 e4 6. d5 exf3 7. dxc6 dxc6 8. Qxd8+ Kxd8 9. gxf3 Nf6 10. b3 Bd6 11. Bb2 Ke7 12. O-O-O Be6 13. f4 Rad8 14. Bg2 Bf7 15. Bf3 Rhg8 16. Rhg1 g6 17. Ba3 Rc8 18. Rd2 b6 19. Rgd1 Bb8 20. Na4 Be6 21. h4 h5 22. Nc3 Ng4 23.
Bb2 Rgd8 24. a4 Rxd2 25. Rxd2 a5 26. Nd1 Bd6 27. Kc2 Bd7 28.
Bh1 Ke6 29. f3 Nh6 30. Rg2 Rg8 31. Nf2 Be7 32. Rh2 Nf7 33. Nd3 Kd6 34. Bc3 Be6 35. Be1 Bf6 36. Rg2 Ke7 37. Rh2 Kf8 38. Bc3 Ke7 39. Ne5 Nxe5 40. fxe5 Bg7 41. f4 Rc8 42. Rd2 Kf7 43. Rd6 Bf8 44. Rxc6 Rxc6 45. Bxc6 Be7 46. Be1 Bd8 47. Kd3 Ke7 48. Bd5 Kf7 49. Ke2 Ke7 50. Kf3 Kf7 51. Kg3 Ke7 52. Bd2 Kf7 53. Bc1 Ke7 54. e4 Kf7 55. exf5 gxf5 56. Be3 Be7 57. Bf2 Bf8 58. Kf3 Be7 59. Ke2 Bf8 60. Kd3 Be7 61. Kc2 Bf8 62. Bf3 Kg6 63. Bc6 Kf7 64. Bd5 Be7 65. Bc6 Bf8 66. Bf3 Kg6 67. Kb2 1/2-1/2

[Event "Gibraltar Masters 18th"]
[Site "Gibraltar"]
[Date "2020.01.29"]
[Round "9.41"]
[White "Haug, Johannes"]
[Black "Krysa, Leandro"]
[Result "1/2-1/2"]
[ECO "D41"]
[WhiteElo "2407"]
[BlackElo "2522"]
[PlyCount "72"]
[EventDate "2020.01.21"]
[EventType "swiss"]
[EventRounds "10"]
[EventCountry "GGB"]
[SourceTitle "BritBase"]
[Source "John Saunders"]
[SourceDate "2021.06.05"]
[SourceVersion "1"]
[SourceVersionDate "2021.06.05"]
[SourceQuality "1"]
[TimeControl "40/100:0"]
[WhiteClock "0:01:46"]
[BlackClock "0:06:22"]

1. d4 Nf6 2. c4 e6 3. Nf3 d5 4. Nc3 c5 5. cxd5 Nxd5 6. e4 Nxc3 7. bxc3 cxd4 8.
cxd4 Bb4+ 9. Bd2 Bxd2+ 10. Qxd2 O-O 11. Bc4 Nd7 12. O-O b6 13. Rfe1 Bb7 14. Rad1 Rc8 15. Bb3 h6 16. h3 Qf6 17. Re3 Rfd8 18. Qe2 Qf4 19. e5 Nf8 20. Bc2 Rc7 21. Bb1 Rcd7 22. g3 Bxf3 23. Rxf3 Qg5 24. Rf4 Qe7 25. Qe3 Rd5 26. Bc2 Ng6 27. Bxg6 fxg6 28. h4 g5 29. hxg5 Qxg5 30. Rc1 Qe7 31. Rg4 Kh8 32. Kg2 Qb7 33. Qf3 Kg8 34. Rh1 Rf8 35. Qe4 Qf7 36. f3 Qf5 1/2-1/2

[Event "Gibraltar Masters 18th"]
[Site "Gibraltar"]
[Date "2020.01.29"]
[Round "9.42"]
[White "Gordon, Stephen J"]
[Black "Sankalp, Gupta"]
[Result "1-0"]
[ECO "A13"]
[WhiteElo "2504"]
[BlackElo "2400"]
[PlyCount "81"]
[EventDate "2020.01.21"]
[EventType "swiss"]
[EventRounds "10"]
[EventCountry "GGB"]
[SourceTitle "BritBase"]
[Source "John Saunders"]
[SourceDate "2021.06.05"]
[SourceVersion "1"]
[SourceVersionDate "2021.06.05"]
[SourceQuality "1"]
[TimeControl "40/100:0"]
[WhiteClock "0:00:48"]
[BlackClock "0:11:19"]

1. c4 Nf6 2. g3 e6 3. Bg2 d5 4. Nf3 dxc4 5. Qa4+ Nbd7 6. Qxc4 a6 7. Qc2 c5 8. Nc3 Ra7 9. O-O b5 10. a4 b4 11. Nd1 Nd5 12. e4 N5f6 13.
Ne3 Bb7 14. d3 Bd6 15. Nc4 Bc7 16. b3 O-O 17. Bb2 Qb8 18. Nfd2 e5 19. Ne3 Rd8 20. Ndc4 Nf8 21. Bh3 Ne6 22. Bxe6 fxe6 23. Qe2 Rf8 24. Ng4 Nd7 25. h4 h6 26. f3 Ra8 27. Rf2 h5 28. Nge3 Rf7 29. Raf1 g6 30.
Ng2 Qf8 31. f4 exf4 32. Nxf4 Bxf4 33. gxf4 Qe7 34. Rg2 Kh7 35. Rg5 Kh6 36. Rf2 Rg8 37. Bc1 Kh7 38. Rfg2 Nf6 39. Ne5 Rfg7 40. Bb2 Kh6 41. Nxg6 1-0

[Event "Gibraltar Masters 18th"]
[Site "Gibraltar"]
[Date "2020.01.29"]
[Round "9.43"]
[White "Petrov, Martin"]
[Black "Salimova, Nurgyul"]
[Result "1/2-1/2"]
[ECO "C01"]
[WhiteElo "2504"]
[BlackElo "2372"]
[PlyCount "59"]
[EventDate "2020.01.21"]
[EventType "swiss"]
[EventRounds "10"]
[EventCountry "GGB"]
[SourceTitle "BritBase"]
[Source "John Saunders"]
[SourceDate "2021.06.05"]
[SourceVersion "1"]
[SourceVersionDate "2021.06.05"]
[SourceQuality "1"]
[TimeControl "40/100:0"]
[WhiteClock "0:16:40"]
[BlackClock "0:17:42"]

1. e4 e6 2. d4 d5 3. Nc3 Bb4 4. exd5 exd5 5. Bd3 Nf6 6. Bg5 O-O 7. Nge2 c6 8. O-O h6 9. Bh4 Nbd7 10. Qc1 Re8 11. Ng3 Nf8 12. Nh5 Be7 13.
Nxf6+ Bxf6 14. Bxf6 Qxf6 15. Qd2 Bg4 16. h3 Bd7 17. Ne2 Bf5 18.
Bxf5 Qxf5 19. Ng3 Qd7 20. Rae1 Rxe1 21. Rxe1 Re8 22. c3 Ng6 23. Rxe8+ Qxe8 24. Qe3 Qe6 25. Kf1 Kf8 26. Qf3 Nh4 27. Qg4 g5 28. Qxe6 fxe6 29. Ne2 Ng6 30. g3 1/2-1/2

[Event "Gibraltar Masters 18th"]
[Site "Gibraltar"]
[Date "2020.01.29"]
[Round "9.44"]
[White "Barbosa, Evandro Amorim"]
[Black "Trent, Lawrence"]
[Result "1-0"]
[ECO "B70"]
[WhiteElo "2501"]
[BlackElo "2383"]
[PlyCount "111"]
[EventDate "2020.01.21"]
[EventType "swiss"]
[EventRounds "10"]
[EventCountry "GGB"]
[SourceTitle "BritBase"]
[Source "John Saunders"]
[SourceDate "2021.06.05"]
[SourceVersion "1"]
[SourceVersionDate "2021.06.05"]
[SourceQuality "1"]
[TimeControl "40/100:0"]
[WhiteClock "0:11:52"]
[BlackClock "0:05:47"]

1. e4 c5 2. Nf3 Nc6 3. d4 cxd4 4. Nxd4 Nf6 5. Nc3 d6 6. Be2 g6 7. Nb3 Bg7 8. O-O O-O 9. Re1 Be6 10. Bf1 a5 11. a4 Rc8 12. Bg5 Nb4 13.
Nd4 Bc4 14. Ncb5 Bxf1 15. Kxf1 d5 16. Bxf6 exf6 17. c3 Na6 18. Nb3 dxe4 19. Qxd8 Rfxd8 20. Rxe4 b6 21. Rd4 Rxd4 22. N5xd4 f5 23. Nb5 Be5 24. Rd1 Rc4 25. Rd5 f6 26. Rd8+ Kg7 27. Rd7+ Kh6 28. Rb7 Rxa4 29. Rxb6 Nc7 30. Nxc7 Bxc7 31. Rb7 Be5 32. Rb5 Bc7 33. h3 Ra2 34. Nd2 a4 35. Nc4 Bd8 36. Rb7 f4 37. Rd7 Ba5 38.
Nxa5 Rxb2 39. Nc4 Rb3 40. Ra7 Rxc3 41. Rxa4 f3 42. gxf3 Rxf3 43. Kg2 Rf4 44. Nb2 Rf5 45. Nd1 Rg5+ 46. Kh2 Rc5 47. Ne3 g5 48. Ra6 Kg6 49. Rd6 Rc8 50. Nd5 Rf8 51. Kg3 Kf5 52. Ne3+ Ke5 53. Rd5+ Ke6 54. Ra5 Rc8 55. Ra6+ Kf7 56. Nd5 1-0

[Event "Gibraltar Masters 18th"]
[Site "Gibraltar"]
[Date "2020.01.29"]
[Round "9.45"]
[White "Low, Zhen Yu Cyrus"]
[Black "Pogonina, Natalija"]
[Result "1/2-1/2"]
[ECO "C54"]
[WhiteElo "2415"]
[BlackElo "2479"]
[PlyCount "79"]
[EventDate "2020.01.21"]
[EventType "swiss"]
[EventRounds "10"]
[EventCountry "GGB"]
[SourceTitle "BritBase"]
[Source "John Saunders"]
[SourceDate "2021.06.05"]
[SourceVersion "1"]
[SourceVersionDate "2021.06.05"]
[SourceQuality "1"]
[TimeControl "40/100:0"]
[WhiteClock "0:10:16"]
[BlackClock "0:05:37"]

1. e4 e5 2. Nf3 Nc6 3. Bc4 Bc5 4. O-O Nf6 5. d3 d6 6. c3 a6 7. a4 Ba7 8. Re1 O-O 9. h3 Be6 10. Nbd2 Re8 11. b4 Qd7 12. Bxe6 Qxe6 13. Qc2 h6 14. Nf1 Rad8 15. Ng3 d5 16. b5 Nb8 17. Bb2 dxe4 18.
Nxe4 Nxe4 19. Rxe4 Qd6 20. Rd1 axb5 21. axb5 Nd7 22. Ree1 Nf8 23. c4 Ng6 24. Bc3 c6 25. Qb2 Bb8 26. g3 Qd7 27. bxc6 bxc6 28. Kg2 Qf5 29. Qe2 Bc7 30. Qe4 Qxe4 31. Rxe4 Rb8 32. Rde1 Rb3 33. Bxe5 Nxe5 34. Nxe5 Rxe5 35. Rxe5 Bxe5 36. Rxe5 Rxd3 37. Re8+ Kh7 38. Rc8 Rd6 39. Kf3 Re6 40. Rd8 1/2-1/2

[Event "Gibraltar Masters 18th"]
[Site "Gibraltar"]
[Date "2020.01.29"]
[Round "9.46"]
[White "Lombaers, Peter"]
[Black "Di Berardino, Diego Rafael"]
[Result "0-1"]
[ECO "E48"]
[WhiteElo "2383"]
[BlackElo "2478"]
[PlyCount "78"]
[EventDate "2020.01.21"]
[EventType "swiss"]
[EventRounds "10"]
[EventCountry "GGB"]
[SourceTitle "BritBase"]
[Source "John Saunders"]
[SourceDate "2021.06.05"]
[SourceVersion "1"]
[SourceVersionDate "2021.06.05"]
[SourceQuality "1"]
[TimeControl "40/100:0"]
[WhiteClock "0:02:51"]
[BlackClock "0:02:54"]

1. d4 Nf6 2. c4 e6 3. Nc3 Bb4 4. e3 O-O 5. Bd3 b6 6. Nge2 d5 7. cxd5 exd5 8.
O-O Ba6 9. Bxa6 Nxa6 10. a3 Bd6 11. b4 c5 12. bxc5 bxc5 13.
dxc5 Nxc5 14. a4 Re8 15. Ba3 Rc8 16. Bxc5 Rxc5 17. Nb5 Bb8 18. Rc1 Rxc1 19. Qxc1 Qd7 20. Ned4 a6 21. Na3 Qxa4 22. Nac2 Be5 23. g3 g6 24. Qa1 Qc4 25. Qa3 Ne4 26. Ra1 Rb8 27. Qxa6 Rb2 28. Kg2 Rxc2 29. Nxc2 Qxc2 30. Ra2 Bb2 31. Qf1 Kg7 32. h4 h5 33. Qe1 Nc3 34. Ra5 Qe4+ 35. f3 Qd3 36. Ra7 Nd1 37. e4 Bc3 38.
Qh1 Qe2+ 39. Kh3 Nf2+ 0-1

[Event "Gibraltar Masters 18th"]
[Site "Gibraltar"]
[Date "2020.01.29"]
[Round "9.47"]
[White "Roussel-Roozmon, Thomas"]
[Black "Zhukova, Natalia"]
[Result "1-0"]
[ECO "A13"]
[WhiteElo "2473"]
[BlackElo "2338"]
[PlyCount "103"]
[EventDate "2020.01.21"]
[EventType "swiss"]
[EventRounds "10"]
[EventCountry "GGB"]
[SourceTitle "BritBase"]
[Source "John Saunders"]
[SourceDate "2021.06.05"]
[SourceVersion "1"]
[SourceVersionDate "2021.06.05"]
[SourceQuality "1"]
[TimeControl "40/100:0"]
[WhiteClock "0:07:50"]
[BlackClock "0:11:16"]

1. c4 Nf6 2. Nf3 e6 3. g3 d5 4. Bg2 dxc4 5. Qa4+ Bd7 6.
Qxc4 c5 7. Ne5 Qc8 8. Qd3 Nc6 9. Nxd7 Nxd7 10. Qb5 Be7 11. d3 Nd4 12. Qa4 O-O 13. Nc3 Rd8 14. O-O Nb6 15. Qd1 Nc6 16. b3 Bf6 17. Bd2 Nd5 18.
Rc1 Bxc3 19. Bxc3 b6 20. Ba1 e5 21. Qd2 Qe6 22. Rfd1 Rd7 23.
Qb2 Rad8 24. Rd2 f5 25. a3 f4 26. Rc4 Nd4 27. b4 cxb4 28.
axb4 h5 29. Rxd4 exd4 30. Qxd4 fxg3 31. hxg3 Nf6 32. Qh4 Rc7 33. Bb2 Rc4 34. Bh3 Qc6 35. Qg5 Rxb4 36. Rc2 Qd6 37. Be5 Rb1+ 38. Kh2 Qd5 39. e4 Qf7 40. Kg2 Re8 41. Rc7 Re7 42. Rc8+ Ne8 43. d4 Rb2 44. Bf5 b5 45. Qg6 Qxg6 46. Bxg6 b4 47. Bxe8 Kh7 48. Ba4 a5 49. Ra8 Rb1 50. Bd6 Rb7 51. e5 Re1 52. Bb3 1-0

[Event "Gibraltar Masters 18th"]
[Site "Gibraltar"]
[Date "2020.01.29"]
[Round "9.48"]
[White "Quintiliano Pinto, Renato R"]
[Black "Ranaldi, Lucas"]
[Result "1/2-1/2"]
[ECO "E17"]
[WhiteElo "2471"]
[BlackElo "2296"]
[PlyCount "151"]
[EventDate "2020.01.21"]
[EventType "swiss"]
[EventRounds "10"]
[EventCountry "GGB"]
[SourceTitle "BritBase"]
[Source "John Saunders"]
[SourceDate "2021.06.05"]
[SourceVersion "1"]
[SourceVersionDate "2021.06.05"]
[SourceQuality "1"]
[TimeControl "40/100:0"]
[WhiteClock "0:29:22"]
[BlackClock "0:05:49"]

1. d4 Nf6 2. c4 e6 3. Nf3 b6 4. g3 Bb7 5. Bg2 Be7 6. Nc3 Ne4 7. Bd2 f5 8. d5 Bf6 9. Qc2 Nxd2 10. Qxd2 O-O 11. Nd4 Bxd4 12. Qxd4 d6 13. f4 Nd7 14. O-O e5 15. Qd2 Ba6 16. b3 Qe7 17. e4 exf4 18. gxf4 Rae8 19. Rae1 Qf6 20. Bh3 g6 21. Kh1 Qh4 22. Re3 Nf6 23. e5 Nh5 24. Qe1 Qxe1 25. Rexe1 Kf7 26. a4 Re7 27. e6+ Kg7 28. Bg2 Bb7 29. Rf2 a5 30. Ne2 Nf6 31. Rg1 Rg8 32. Nd4 Kf8 33. Bf3 Reg7 34. Rfg2 Ne8 35. h3 Ke7 36. Kh2 Kf6 37. h4 h6 38. Rg3 Ba8 39. R1g2 Bb7 40. Rg1 Rh8 41. Kh3 Rhg8 42. R1g2 Bc8 43. Bd1 c5 44. Nc2 Rh8 45. Ne3 h5 46. Rg5 Rh6 47. Bc2 Rhh7 48. Nf1 Nc7 49. Ne3 Ne8 50. Kh2 Nc7 51. Kg1 Ne8 52. Kf2 Nc7 53. Rg1 Ne8 54. Bd1 Rh6 55. Nf1 Rgh7 56. Ng3 Ng7 57. Nf1 Rh8 58. Nh2 Rg8 59. Bc2 Rgh8 60. Nf3 Rg8 61. R1g2 Rf8 62. R5g3 Ne8 63. Rg5 Ng7 64. Rg1 Re8 65. R5g2 Rf8 66. Ng5 Ne8 67. Bd1 Rg8 68. Bc2 Rf8 69. Bd3 Ke7 70. Nf7 Rxf7 71. exf7 Kxf7 72. Re1 Nf6 73. Kf3 Rh8 74. Rge2 Re8 75. Rxe8 Nxe8 76. Re2 1/2-1/2

[Event "Gibraltar Masters 18th"]
[Site "Gibraltar"]
[Date "2020.01.29"]
[Round "9.49"]
[White "Reimanis, Ritvars"]
[Black "Cramling, Pia"]
[Result "1/2-1/2"]
[ECO "E08"]
[WhiteElo "2370"]
[BlackElo "2470"]
[PlyCount "57"]
[EventDate "2020.01.21"]
[EventType "swiss"]
[EventRounds "10"]
[EventCountry "GGB"]
[SourceTitle "BritBase"]
[Source "John Saunders"]
[SourceDate "2021.06.05"]
[SourceVersion "1"]
[SourceVersionDate "2021.06.05"]
[SourceQuality "1"]
[TimeControl "40/100:0"]
[WhiteClock "0:28:01"]
[BlackClock "0:18:40"]

1. d4 Nf6 2. Nf3 e6 3. c4 Bb4+ 4. Bd2 a5 5. g3 d5 6. Qc2 O-O 7. Bg2 c6 8. O-O Nbd7 9. Bf4 Be7 10. Rd1 b6 11. Ne5 Bb7 12. Nc3 Rc8 13.
e4 Nb8 14. Qb3 dxc4 15. Nxc4 b5 16. Ne5 Qb6 17. Rac1 Qa6 18.
a4 b4 19. Nb1 Rfd8 20. Be3 Nbd7 21. Bf1 Qa8 22. Nxd7 Nxd7 23. f3 h6 24. Kf2 Rf8 25. Bc4 Nb6 26. Be2 Nd7 27. Bc4 Nb6 28. Be2 Nd7 29. Bc4 1/2-1/2

[Event "Gibraltar Masters 18th"]
[Site "Gibraltar"]
[Date "2020.01.29"]
[Round "9.50"]
[White "Padmini, Rout"]
[Black "Ravi, Teja S"]
[Result "0-1"]
[ECO "B12"]
[WhiteElo "2369"]
[BlackElo "2464"]
[PlyCount "74"]
[EventDate "2020.01.21"]
[EventType "swiss"]
[EventRounds "10"]
[EventCountry "GGB"]
[SourceTitle "BritBase"]
[Source "John Saunders"]
[SourceDate "2021.06.05"]
[SourceVersion "1"]
[SourceVersionDate "2021.06.05"]
[SourceQuality "1"]
[TimeControl "40/100:0"]
[WhiteClock "0:01:05"]
[BlackClock "0:11:45"]

1. e4 c6 2. d4 d5 3. e5 c5 4. Nf3 cxd4 5. Nxd4 Nc6 6. Nxc6 bxc6 7. Bd3 e6 8. Nd2 Ne7 9. O-O Ng6 10. Re1 Be7 11. Qg4 Qb6 12. c3 Ba6 13.
Bc2 h5 14. Qg3 h4 15. Qg4 Bc5 16. Qf3 h3 17. g3 Qc7 18. Nb3 Bb6 19. Bxg6 fxg6 20. Nd4 Bxd4 21. cxd4 Rf8 22. Qc3 Rc8 23. Bg5 c5 24. Rac1 Qb7 25. Qa3 Rf5 26. f4 Rf7 27. Rxc5 Rxc5 28. Qxc5 Rc7 29. Qa3 Qb6 30. Rd1 Qb5 31. Re1 Qc4 32. Qc3 Qxc3 33. bxc3 Rxc3 34. f5 gxf5 35. Kf2 Rc2+ 36. Kf3 Rxh2 37. g4 Rg2 0-1

[Event "Gibraltar Masters 18th"]
[Site "Gibraltar"]
[Date "2020.01.29"]
[Round "9.51"]
[White "Javakhishvili, Lela"]
[Black "Werle, Iozefina"]
[Result "1-0"]
[ECO "E01"]
[WhiteElo "2463"]
[BlackElo "2271"]
[PlyCount "79"]
[EventDate "2020.01.21"]
[EventType "swiss"]
[EventRounds "10"]
[EventCountry "GGB"]
[SourceTitle "BritBase"]
[Source "John Saunders"]
[SourceDate "2021.06.05"]
[SourceVersion "1"]
[SourceVersionDate "2021.06.05"]
[SourceQuality "1"]
[TimeControl "40/100:0"]
[WhiteClock "0:03:01"]
[BlackClock "0:08:40"]

1. Nf3 Nf6 2. c4 e6 3. g3 d5 4. b3 Nbd7 5. Bg2 Bd6 6. Bb2 O-O 7. O-O c6 8. d4 Re8 9. Nc3 dxc4 10. bxc4 e5 11. e3 Qe7 12. Rb1 a6 13.
Qc2 Rb8 14. Rbd1 Qe6 15. c5 Bc7 16. Ng5 Qg4 17. f4 Qh5 18.
Bf3 Qh6 19. dxe5 Bxe5 20. fxe5 Nxe5 21. Nce4 Nxe4 22. Qxe4 Qxg5 23. Bxe5 Bd7 24. Bf4 Qxc5 25. Qd4 Qxd4 26. Rxd4 Bh3 27. Rb1 Rbc8 28. Rxb7 h6 29. Kf2 g5 30. Bd6 Be6 31. Bc5 Bxa2 32. Rd6 Re6 33. Rxe6 Bxe6 34. Rb6 Rd8 35. Ke1 Rd3 36. Rb8+ Kg7 37. Bd4+ f6 38. Rb7+ Kg8 39. Be4 Ra3 40. Bh7+ 1-0

[Event "Gibraltar Masters 18th"]
[Site "Gibraltar"]
[Date "2020.01.29"]
[Round "9.52"]
[White "Plotkin, Victor"]
[Black "Batsiashvili, Nino"]
[Result "0-1"]
[ECO "C55"]
[WhiteElo "2267"]
[BlackElo "2456"]
[PlyCount "102"]
[EventDate "2020.01.21"]
[EventType "swiss"]
[EventRounds "10"]
[EventCountry "GGB"]
[SourceTitle "BritBase"]
[Source "John Saunders"]
[SourceDate "2021.06.05"]
[SourceVersion "1"]
[SourceVersionDate "2021.06.05"]
[SourceQuality "1"]
[TimeControl "40/100:0"]
[WhiteClock "0:34:21"]
[BlackClock "0:46:35"]

1. e4 e5 2. Nf3 Nc6 3. Bc4 Nf6 4. d3 h6 5. h3 d6 6. c3 g6 7. Nbd2 Bg7 8. O-O O-O 9. Re1 Nh5 10. Nf1 Ne7 11. d4 d5 12. exd5 exd4 13.
Qb3 dxc3 14. bxc3 c5 15. Be3 b6 16. Rad1 Nf5 17. Bc1 Nd6 18.
g4 Qf6 19. Be2 Nf4 20. Bxf4 Qxf4 21. c4 Bd7 22. Qe3 Qf6 23. Ng3 Rfe8 24. Qb3 Ne4 25. Nxe4 Rxe4 26. Bf1 Rae8 27. Rxe4 Rxe4 28. Re1 Rxe1 29. Nxe1 h5 30. gxh5 Qe5 31. Qe3 Qxh5 32. Nf3 Bf6 33. Qf4 Kg7 34. h4 Qg4+ 35. Qxg4 Bxg4 36. Kg2 Bf5 37. Kg3 Bb1 38. Nd2 Bxa2 39. Bd3 b5 40. cxb5 Bxd5 41. Nc4 Bd8 42. f4 Be6 43. Nd6 Ba5 44. Kf2 Kf6 45. Ne4+ Ke7 46. Ng5 Bb3 47. Be4 f5 48. Bf3 Bd2 49. Nh3 Bc4 50. Be2 Bf7 51. Ng5 Bd5 0-1